 Dungeon Crawl Stone Soup version 0.18-a0-1353-gf2a912f (webtiles) character file.

80 KarvaRausku the Magician (level 4, 4/18 HPs)
             Began as a Felid Wizard on Feb 19, 2016.
             Quit the game on level 4 of the Dungeon.
             The game lasted 00:19:25 (4117 turns).

KarvaRausku the Magician (Felid Wizard)             Turns: 4117, Time: 00:19:25

Health: 4/18       AC:  1    Str:  3    XL:     4   Next: 18%
Magic:  0/10       EV: 18    Int: 26    God:
Gold:   150        SH:  0    Dex: 18    Spells: 4 memorised, 2 levels left
                                        Lives:  0   Deaths: 1

rFire  . . .     SeeInvis +     (weapon unavailable)
rCold  . . .     Gourm    .     (armour unavailable)
rNeg   . . .     Faith    .     (shield unavailable)
rPois  .         Spirit   .     (helmet unavailable)
rElec  .         Dismiss  .     (cloak unavailable)
rCorr  .         Reflect  .     (gloves unavailable)
SustAt .         Harm     .     (boots unavailable)
MR     .....                    (no amulet)
Stlth  +++.......               q - +5 ring of intelligence
                                r - +4 ring of dexterity

@: lethally poisoned (4 -> -9), very slightly contaminated, quick, not resistant
to hostile enchantments, fairly stealthy
A: no armour, no weapons or thrown items, claws 1, fangs 3, see invisible,
carnivore 3, speed 1, shaggy fur 1, slow metabolism 1, sharp paws
a: no special abilities


You were on level 4 of the Dungeon.
You were not hungry.

You visited 1 branch of the dungeon, and saw 4 of its levels.

You collected 150 gold pieces.

Inventory:

Armour
 p - a +0 cloak
Jewellery
 j - an uncursed ring of see invisible
 q - a +5 ring of intelligence (right paw)
 r - a +4 ring of dexterity (left paw)
Scrolls
 c - a scroll of enchant weapon {unknown}
 e - a scroll of recharging {unknown}
 h - 3 scrolls of identify {unknown}
 i - 2 scrolls of remove curse
 m - a scroll of noise {unknown}
 n - a scroll of amnesia {unknown}
 s - a scroll of fog {unknown}
 u - a scroll of immolation {unknown}
Potions
 d - a potion of might {unknown}
 g - 2 potions of heal wounds {unknown}
 k - a potion of haste {unknown}
 l - 2 potions of invisibility {unknown}
 o - a potion of curing {unknown}
 t - a potion of cure mutation {unknown}
Books
 a - a book of Minor Magic

   Spells                             Type                      Level
   a - Magic Dart                     Conjuration                  1
   b - Blink                          Translocation                2
   c - Call Imp                       Summoning                    2
   d - Repel Missiles                 Charms/Air                   2
   e - Slow                           Hexes                        2
   f - Conjure Flame                  Conjuration/Fire             3
   g - Mephitic Cloud                 Conjuration/Poison/Air       3
 w - a book of the Dragon

   Spells                             Type                      Level
   a - Flame Tongue                   Conjuration/Fire             1
   b - Cause Fear                     Hexes                        4
   c - Bolt of Fire                   Conjuration/Fire             6
   d - Dragon Form                    Transmutation                7
   e - Dragon's Call                  Summoning                    9
Comestibles
 b - a meat ration
 f - a slice of pizza


   Skills:
 + Level 3.1 Dodging
 - Level 2.6 Stealth
 + Level 3.8 Spellcasting
 * Level 2.6 Conjurations
 + Level 2.8 Summonings
 - Level 2.0 Translocations


You had 2 spell levels left.
You knew the following spells:

 Your Spells              Type           Power        Failure   Level  Hunger
a - Magic Dart            Conj           ###.         2%          1    None
b - Call Imp              Summ           ###.....     4%          2    #......
c - Blink                 Tloc           N/A          6%          2    #......
d - Mephitic Cloud        Conj/Pois/Air  #.......     21%         3    ##.....


Dungeon Overview and Level Annotations

Branches:
Dungeon (4/15)
 Temple: D:4-7

Altars:
Okawaru


Innate Abilities, Weirdness & Mutations

You cannot wear armour.
You are incapable of wielding weapons or throwing items.
You have sharp claws.
You have razor-sharp teeth.
You have supernaturally acute eyesight.
You are carnivorous and can eat meat at any time.
You cover ground quickly.
You are covered in fur (AC +1).
You have a slow metabolism.
Your sharp claws are effective at attacking unaware monsters.


Message History

Aiming: Magic Dart
Press: ? - help, Shift-Dir - straight line, f/p - scorpion
Aim: a scorpion (heavily wounded)
You miscast Magic Dart.
Nothing appears to happen.
* * * LOW HITPOINT WARNING * * *
You feel sick. The scorpion completely misses you.
Casting: Magic Dart
Confirm with . or Enter, or press ? or * to list all spells.
You don't have enough magic to cast that spell.
Unknown command.
Casting: Magic Dart
Confirm with . or Enter, or press ? or * to list all spells.
You don't have enough magic to cast that spell.
Sorry, you're not good enough to have a special ability.
Unknown command.
You are too injured to fight recklessly!
You are too injured to fight recklessly!
You are too injured to fight recklessly!
You are too injured to fight recklessly!
Are you sure you want to abandon this character and quit the game? (Confirm with "yes".)

.... . #......#
#.#...#..# #
#.#.#.#..# #
......#..# ## #.#
#...#..# . ..# #
#).....#.# ..#
#.#s5##.##.### #.#
#..@.........# #.#
###..###<#.#.#.###.#
#..# #.#.#.#.....#
#..# #.#.#.# #...
#..# #.#...####.##
...# #.##.........
###.# #....#####[#.
#.# ###### .... #.#
#.#.


You could see a scorpion and a friendly crimson imp.

Vanquished Creatures
  2 gnolls
  An adder (D:1)
  An ooze (D:3)
  4 orcs
  4 giant cockroaches
  7 hobgoblins
  2 jackals (D:4)
  4 kobolds
  A ball python (D:3)
  4 bats
  2 giant newts
  13 goblins
  5 rats
50 creatures vanquished.

Vanquished Creatures (collateral kills)
  An orc priest (D:3)
  A giant frog skeleton (D:3)
  4 gnolls
  A worm (D:3)
  2 giant geckos (D:3)
  3 orcs
  2 giant cockroaches
  2 hobgoblins
  A ball python (D:2)
  A bat (D:3)
  3 giant newts
21 creatures vanquished.

Grand Total: 71 creatures vanquished

Notes
Turn   | Place    | Note
--------------------------------------------------------------
     0 | D:1      | KarvaRausku the Felid Wizard began the quest for the Orb.
     0 | D:1      | Reached XP level 1. HP: 7/7 MP: 5/5
    99 | D:1      | Reached skill level 1 in Conjurations
   453 | D:1      | Reached XP level 2. HP: 11/11 MP: 1/7
   526 | D:1      | Learned a level 2 spell: Call Imp
   529 | D:1      | Learned a level 2 spell: Blink
  1003 | D:1      | Reached XP level 3. HP: 11/14 MP: 0/8
  1965 | D:2      | Learned a level 3 spell: Mephitic Cloud
  2570 | D:3      | Reached XP level 4. HP: 18/18 MP: 5/10
  3727 | D:3      | Reached XP level 5. HP: 21/21 MP: 0/11
  3849 | D:4      | Found an iron altar of Okawaru.
  4060 | D:4      | Killed from afar by an orc priest
  4061 | D:4      | Reached XP level 4. HP: 0/18 MP: 1/10
  4117 | D:4      | Quit the game

Vault maps used:
D:1:      dpeg_arrival_pits, kennysheep_boxes
D:2:      corner_web_ring
D:3:      minmay_hedge_maze
D:4:      first_bread, okawaru_gym_becter

Action                   |  1- 3 |  4- 6 || total
-------------------------+-------+-------++-------
Melee: Unarmed           |    25 |    15 ||    40
 Cast: Magic Dart        |    74 |    52 ||   126
       Call Imp          |     8 |    22 ||    30
       Blink             |     1 |     4 ||     5
       Mephitic Cloud    |     1 |     1 ||     2
  Use: Potion            |     1 |       ||     1
       Scroll            |       |     1 ||     1
  Eat: Chunk             |    11 |     3 ||    14
